[Event "29th Czech Open-Rapid 2018"]
[Site "Pardubice"]
[Date "2018.07.19"]
[Round "6"]
[White "Roenko, Artur"]
[Black "Nun, Jiri"]
[Result "0-1"]
[ECO "B12"]
[WhiteElo "2119"]
[BlackElo "2337"]
[Annotator "NA"]
[PlyCount "142"]
[EventDate "2018.07.18"]
[EventType "swiss"]
[EventCountry "CZE"]
[SourceTitle "playchess.com"]
[Source "ChessBase"]
[SourceQuality "1"]
[TimeControl "900+10"]

1. e4 c6 2. d4 g6 3. Nc3 d5 4. e5 Bg7 5. Nf3 Bg4 6. h3 Bxf3 7. Qxf3 e6 8. h4 h5 9. Bg5 Qb6 10. O-O-O a6 11. g4 Nd7 12. Kb1 c5 13. Na4 Qc6 14. Nxc5 Nxc5 15. dxc5 Qxc5 16. gxh5 Rxh5 17. Qb3 b5 18. f4 Ne7 19. Rd3 Nc6 20. Rc3 Qb6 21. Rch3 Rc8 22. Be2 Rh8 23. Qg3 Qc5 24. Qg2 Nxe5 25. fxe5 Qxc2+ 26. Ka1 Bxe5 27. Rb3 Rc4 28. Qf3 Ra4 29. Rc1 Qe4 30. Qxe4 Rxe4 31. Bd3 Rd4 32. Rc8+ Kd7 33. Rxh8 Bxh8 34. a4 Rxa4+ 35. Kb1 Kd6 36. Bd8 e5 37. Bc2 Rc4 38. Rf3 Ke6 39. Bb3 Rc8 40. Bb6 e4 41. Re3 f5 42. Rg3 Rg8 43. Be3 Be5 44. Rg1 f4 45. Bb6 Bf6 46. h5 g5 47. h6 Rh8 48. Rd1 Rxh6 49. Bxd5+ Kf5 50. Re1 e3 51. Bb3 Rh2 52. Bc2+ Kg4 53. Bxe3 fxe3 54. Rxe3 Rf2 55. Ra3 b4 56. Rd3 a5 57. b3 Bc3 58. Bd1+ Kf4 59. Rd7 Rd2 60. Rf7+ Kg3 61. Bh5 Rb2+ 62. Kc1 Rxb3 63. Rf5 Kh4 64. Bf7 Ra3 65. Kc2 a4 66. Rc5 g4 67. Rc4 Ra2+ 68. Kc1 Rf2 69. Be6 Rg2 70. Bd5 Rg3 71. Bc6 b3 0-1

[Event "29th Czech Open-Rapid 2018"]
[Site "Pardubice"]
[Date "2018.07.19"]
[Round "6"]
[White "Mitra, Roman"]
[Black "Brejnik, Gustav"]
[Result "0-1"]
[ECO "B10"]
[WhiteElo "2118"]
[BlackElo "1951"]
[Annotator "NA"]
[PlyCount "84"]
[EventDate "2018.07.18"]
[EventType "swiss"]
[EventCountry "CZE"]
[SourceTitle "playchess.com"]
[Source "ChessBase"]
[SourceQuality "1"]
[TimeControl "900+10"]

1. e4 c6 2. e5 d5 3. exd6 Qxd6 4. d4 Bf5 5. Nf3 Nd7 6. Nbd2 Nb6 7. Be2 g6 8. O-O Bg7 9. c3 Nf6 10. b3 O-O 11. a4 Qc7 12. Re1 Nfd5 13. Bb2 Nf4 14. a5 Nbd5 15. Nc4 Nxe2+ 16. Rxe2 Nf4 17. Rd2 Rad8 18. Ne3 Bc8 19. c4 e6 20. Bc3 c5 21. Rc1 a6 22. b4 cxd4 23. Bxd4 Bxd4 24. Nxd4 e5 25. Nf3 e4 26. Ne1 Be6 27. Nd5 Bxd5 28. cxd5 Qe7 29. Rd4 Qe5 30. Rcc4 Rxd5 31. Rxd5 Nxd5 32. Qd4 Qxd4 33. Rxd4 Nf6 34. Rd6 Kg7 35. Rb6 Rb8 36. Rd6 Rc8 37. Kf1 Ng4 38. h3 Ne5 39. Rd5 Kf6 40. b5 Ke6 41. Rd4 Rc4 42. bxa6 Rxd4 0-1

[Event "29th Czech Open-Rapid 2018"]
[Site "Pardubice"]
[Date "2018.07.19"]
[Round "6"]
[White "Kukelko, Alexey"]
[Black "Skoloud, Barnabas"]
[Result "1-0"]
[ECO "B07"]
[WhiteElo "2109"]
[BlackElo "1637"]
[Annotator "NA"]
[PlyCount "59"]
[EventDate "2018.07.18"]
[EventType "swiss"]
[EventCountry "CZE"]
[SourceTitle "playchess.com"]
[Source "ChessBase"]
[SourceQuality "1"]
[TimeControl "900+10"]

1. e4 d6 2. d4 Nf6 3. Nc3 Nbd7 4. f4 e5 5. Nf3 exd4 6. Qxd4 c5 7. Qd3 g6 8. Be3 Bg7 9. Qxd6 Qb6 10. Qxb6 axb6 11. e5 Ng4 12. Bd2 O-O 13. h3 Nh6 14. g4 Re8 15. O-O-O f6 16. Bc4+ Nf7 17. e6 Nd6 18. exd7+ Kh8 19. dxe8=Q+ Nxe8 20. Be3 h6 21. Rd8 Kh7 22. Rxe8 g5 23. Bd3+ f5 24. fxg5 hxg5 25. Nxg5+ Kh6 26. gxf5 c4 27. Ne6+ Kh5 28. Nxg7+ Kh4 29. Rg1 Bxf5 30. Bf2+ 1-0

[Event "29th Czech Open-Rapid 2018"]
[Site "Pardubice"]
[Date "2018.07.19"]
[Round "6"]
[White "Dimitrov, Dejan"]
[Black "Vestfal, Jan"]
[Result "1-0"]
[ECO "D00"]
[WhiteElo "2102"]
[BlackElo "1407"]
[Annotator "NA"]
[PlyCount "51"]
[EventDate "2018.07.18"]
[EventType "swiss"]
[EventCountry "CZE"]
[SourceTitle "playchess.com"]
[Source "ChessBase"]
[SourceQuality "1"]
[TimeControl "900+10"]

1. d4 d5 2. Bf4 e6 3. e3 c5 4. c3 c4 5. Nd2 b5 6. e4 Be7 7. Ngf3 Nc6 8. Be2 Nf6 9. Qc2 a5 10. O-O b4 11. Ne5 Nxe5 12. dxe5 Nd7 13. exd5 exd5 14. Bf3 Nc5 15. Nxc4 dxc4 16. Bxa8 Nd3 17. Bc6+ Kf8 18. Rad1 Qb6 19. Rxd3 cxd3 20. Qa4 bxc3 21. bxc3 Bg4 22. Be3 Bc5 23. Qxg4 Qxc6 24. Qc4 d2 25. Qxc5+ Qxc5 26. Bxc5+ 1-0

[Event "29th Czech Open-Rapid 2018"]
[Site "Pardubice"]
[Date "2018.07.19"]
[Round "6"]
[White "Petr, Jan"]
[Black "Straka, Vojtech"]
[Result "1-0"]
[ECO "A02"]
[WhiteElo "2099"]
[BlackElo "1722"]
[Annotator "NA"]
[PlyCount "73"]
[EventDate "2018.07.18"]
[EventType "swiss"]
[EventCountry "CZE"]
[SourceTitle "playchess.com"]
[Source "ChessBase"]
[SourceQuality "1"]
[TimeControl "900+10"]

1. f4 c6 2. Nf3 d5 3. g3 g6 4. Bg2 Bg7 5. O-O Nd7 6. d3 Qb6+ 7. Kh1 Bxb2 8. Bxb2 Qxb2 9. Nbd2 Qb6 10. e4 Ngf6 11. Rb1 Qc7 12. e5 Ng4 13. Qe2 Nc5 14. h3 Nh6 15. g4 Nxg4 16. hxg4 Bxg4 17. Qf2 Ne6 18. Nd4 Ng7 19. c4 dxc4 20. Nxc4 h5 21. Rxb7 Qc8 22. Bxc6+ Kf8 23. Qh4 Nf5 24. Qg5 h4 25. Kh2 Rh5 26. Qxg4 Nxd4 27. Qxc8+ Rxc8 28. Bf3 Rh8 29. Rxa7 Rb8 30. a4 Rb3 31. Ra8+ Kg7 32. Rxh8 Kxh8 33. Be4 Rb4 34. Ra1 Ne2 35. a5 Nc3 36. a6 Nxe4 37. a7 1-0

[Event "29th Czech Open-Rapid 2018"]
[Site "Pardubice"]
[Date "2018.07.19"]
[Round "6"]
[White "Gorbatenko, Alexander"]
[Black "Chubar, Vladimir"]
[Result "0-1"]
[ECO "E47"]
[WhiteElo "2093"]
[BlackElo "1903"]
[Annotator "NA"]
[PlyCount "97"]
[EventDate "2018.07.18"]
[EventType "swiss"]
[EventCountry "CZE"]
[SourceTitle "playchess.com"]
[Source "ChessBase"]
[SourceQuality "1"]
[TimeControl "900+10"]

1. d4 Nf6 2. c4 e6 3. Nc3 Bb4 4. e3 O-O 5. Bd3 Bxc3+ 6. bxc3 d6 7. Ne2 e5 8. f3 Nc6 9. O-O b6 10. Ng3 Na5 11. Qe2 Be6 12. f4 exf4 13. Rxf4 g6 14. e4 Ne8 15. Bd2 Ng7 16. Raf1 Qe8 17. Rf6 Qa4 18. d5 Bd7 19. Bh6 Rae8 20. Qf2 Re7 21. Qd4 Re5 22. Bf4 Qxa2 23. Bxe5 dxe5 24. Qxe5 Nxc4 25. Qxc7 Ne3 26. R6f2 Qa4 27. Re1 Ng4 28. Rf4 Rc8 29. Qd6 Rxc3 30. Be2 Qd4+ 31. Kh1 Nf2+ 32. Rxf2 Qxf2 33. Rf1 Qe3 34. Qxd7 f5 35. exf5 gxf5 36. Nxf5 Nxf5 37. Qxf5 Qe7 38. Bh5 Re3 39. Bf3 Re1 40. Qd3 Rxf1+ 41. Qxf1 a5 42. h3 a4 43. Qc4 Kg7 44. Qd4+ Kg6 45. Be4+ Kg5 46. d6 Qf7 47. Qe5+ Kh4 48. g3+ Kxh3 49. Bf5+ 0-1

[Event "29th Czech Open-Rapid 2018"]
[Site "Pardubice"]
[Date "2018.07.19"]
[Round "6"]
[White "Chekletsov, Egor"]
[Black "Westerinen, Heikki Mj"]
[Result "1-0"]
[ECO "E84"]
[WhiteElo "2082"]
[BlackElo "2312"]
[Annotator "NA"]
[PlyCount "93"]
[EventDate "2018.07.18"]
[EventType "swiss"]
[EventCountry "CZE"]
[SourceTitle "playchess.com"]
[Source "ChessBase"]
[SourceQuality "1"]
[TimeControl "900+10"]

1. d4 Nf6 2. c4 g6 3. Nc3 Bg7 4. e4 d6 5. f3 O-O 6. Be3 Nc6 7. Nge2 Rb8 8. Qd2 a6 9. Rc1 Bd7 10. Nd1 b5 11. c5 dxc5 12. Rxc5 Rb7 13. g3 Re8 14. Bg2 e5 15. d5 Ne7 16. O-O Nc8 17. Nf2 Nd6 18. b3 b4 19. Rfc1 Bb5 20. Bf1 Nd7 21. R5c2 a5 22. Nd3 f5 23. Bg2 Rf8 24. Bg5 Bf6 25. Bh6 Rf7 26. Nf2 Qb8 27. Bh3 Bd8 28. Be3 Kh8 29. exf5 gxf5 30. f4 Bf6 31. Kh1 Qd8 32. fxe5 Nxe5 33. Nd4 Bd7 34. Ne6 Bxe6 35. dxe6 Rg7 36. Bg2 Rb5 37. Nd3 Ng4 38. Nf4 Re5 39. Bd4 Ne4 40. Bxe4 Rxe4 41. Bxf6 Qxf6 42. Nh5 Qxe6 43. Nxg7 Kxg7 44. Rxc7+ Kf8 45. Rc8+ Kf7 46. R1c7+ Kf6 47. Rc6 1-0

[Event "29th Czech Open-Rapid 2018"]
[Site "Pardubice"]
[Date "2018.07.19"]
[Round "6"]
[White "Maslak, Alexander"]
[Black "Semjonovs, Ilja"]
[Result "1/2-1/2"]
[ECO "B97"]
[WhiteElo "2069"]
[BlackElo "2187"]
[Annotator "NA"]
[PlyCount "35"]
[EventDate "2018.07.18"]
[EventType "swiss"]
[EventCountry "CZE"]
[SourceTitle "playchess.com"]
[Source "ChessBase"]
[SourceQuality "1"]
[TimeControl "900+10"]

1. e4 c5 2. Nf3 d6 3. d4 cxd4 4. Nxd4 Nf6 5. Nc3 a6 6. Bg5 e6 7. f4 Qb6 8. Qd2 Qxb2 9. Nb3 Qa3 10. Bxf6 gxf6 11. Be2 Nc6 12. O-O Qb4 13. Qe3 Qa3 14. Nb1 Qa4 15. Nc3 Qa3 16. Nb1 Qa4 17. Nc3 Qa3 18. Nb1 1/2-1/2

[Event "29th Czech Open-Rapid 2018"]
[Site "Pardubice"]
[Date "2018.07.19"]
[Round "6"]
[White "Vykydal, Frantisek"]
[Black "Kathmale, Sameer"]
[Result "0-1"]
[ECO "B10"]
[WhiteElo "2045"]
[BlackElo "2272"]
[Annotator "NA"]
[PlyCount "68"]
[EventDate "2018.07.18"]
[EventType "swiss"]
[EventCountry "CZE"]
[SourceTitle "playchess.com"]
[Source "ChessBase"]
[SourceQuality "1"]
[TimeControl "900+10"]

1. e4 c6 2. g3 d5 3. Bg2 dxe4 4. Bxe4 Nf6 5. Bg2 e5 6. d3 Bc5 7. h3 O-O 8. Nc3 Bf5 9. Nf3 e4 10. dxe4 Nxe4 11. Nxe4 Qxd1+ 12. Kxd1 Bxe4 13. Be3 Bxe3 14. fxe3 Na6 15. Ne1 Nc5 16. Ke2 Rad8 17. Rd1 Rxd1 18. Kxd1 Rd8+ 19. Kc1 Bxg2 20. Nxg2 Ne4 21. Nf4 Nxg3 22. Rg1 Ne4 23. Nd3 f5 24. h4 g6 25. h5 Kg7 26. hxg6 hxg6 27. Nf4 Rd6 28. Nh5+ Kf7 29. Nf4 g5 30. Nd3 Rh6 31. Ne5+ Ke6 32. Nf3 Kf6 33. Nd4 c5 34. Nf3 Rh3 0-1

[Event "29th Czech Open-Rapid 2018"]
[Site "Pardubice"]
[Date "2018.07.19"]
[Round "6"]
[White "Chrz, Pavel"]
[Black "Krouzel, Jaroslav"]
[Result "0-1"]
[ECO "A86"]
[WhiteElo "2038"]
[BlackElo "2132"]
[Annotator "NA"]
[PlyCount "62"]
[EventDate "2018.07.18"]
[EventType "swiss"]
[EventCountry "CZE"]
[SourceTitle "playchess.com"]
[Source "ChessBase"]
[SourceQuality "1"]
[TimeControl "900+10"]

1. d4 f5 2. c4 Nf6 3. g3 d6 4. Nf3 g6 5. Bg2 Bg7 6. Nc3 O-O 7. Bg5 Nbd7 8. Qd2 c6 9. Bh6 e5 10. Bxg7 Kxg7 11. Ng5 Qe7 12. d5 cxd5 13. cxd5 Nb6 14. Rd1 Rd8 15. b3 h6 16. Nf3 Bd7 17. h4 Be8 18. h5 Nxh5 19. Nh4 Qg5 20. Qd3 Rac8 21. Nf3 Qf6 22. Nh4 e4 23. Nxe4 fxe4 24. Bxe4 Qc3+ 25. Qxc3+ Rxc3 26. Nf3 Nf6 27. Nd4 Bf7 28. Bg2 Nfxd5 29. Nb5 Rc5 30. a4 a6 31. Nd4 Rdc8 0-1

[Event "29th Czech Open-Rapid 2018"]
[Site "Pardubice"]
[Date "2018.07.19"]
[Round "6"]
[White "Hajek, Jiri"]
[Black "Annenkov, Kirill"]
[Result "0-1"]
[ECO "B11"]
[WhiteElo "2024"]
[BlackElo "2206"]
[Annotator "NA"]
[PlyCount "142"]
[EventDate "2018.07.18"]
[EventType "swiss"]
[EventCountry "CZE"]
[SourceTitle "playchess.com"]
[Source "ChessBase"]
[SourceQuality "1"]
[TimeControl "900+10"]

1. e4 c6 2. Nf3 d5 3. Nc3 Bg4 4. d4 e6 5. Be2 Nf6 6. exd5 cxd5 7. O-O Nc6 8. h3 Bh5 9. Be3 Bd6 10. Nb5 Be7 11. a4 O-O 12. Ne5 Bxe2 13. Qxe2 Rc8 14. Rfd1 a6 15. Na3 Na5 16. c4 Bxa3 17. Rxa3 Nxc4 18. Nxc4 dxc4 19. Bg5 Qd5 20. Bxf6 gxf6 21. Rf3 f5 22. Rg3+ Kh8 23. Qh5 Qd8 24. d5 Qf6 25. d6 Rcd8 26. d7 b5 27. axb5 axb5 28. Rd2 Rg8 29. Rxg8+ Kxg8 30. Qf3 Qe5 31. Kf1 Kf8 32. Qc6 Ke7 33. Qc8 h5 34. g3 h4 35. gxh4 f4 36. Qc6 Kf6 37. Qb6 Ke7 38. h5 Qe4 39. Qd6+ Kf6 40. Qd4+ Qxd4 41. Rxd4 e5 42. Rd2 e4 43. h6 Kg6 44. Rd6+ f6 45. Ke2 Kxh6 46. Rxf6+ Kg5 47. Rd6 Kf5 48. Rd5+ Ke6 49. Rxb5 Rxd7 50. h4 Rd3 51. h5 Rh3 52. h6 Rh2 53. Rb6+ Kd5 54. Ke1 f3 55. Rg6 Kc5 56. Rg5+ Kd4 57. Rg6 Kd3 58. Rd6+ Kc2 59. Rd2+ Kb3 60. Rd4 Rxh6 61. Rxe4 Rc6 62. Re3+ Kxb2 63. Rxf3 c3 64. Re3 c2 65. Re2 Kb3 66. Rxc2 Kxc2 67. Ke2 Re6+ 68. Kf3 Kd3 69. Kg4 Re2 70. f4 Ke4 71. f5 Rg2+ 0-1

[Event "29th Czech Open-Rapid 2018"]
[Site "Pardubice"]
[Date "2018.07.19"]
[Round "6"]
[White "Jazdanovs, Aleksandrs"]
[Black "Bente, Bjoern"]
[Result "1/2-1/2"]
[ECO "C11"]
[WhiteElo "2013"]
[BlackElo "2228"]
[Annotator "NA"]
[PlyCount "105"]
[EventDate "2018.07.18"]
[EventType "swiss"]
[EventCountry "CZE"]
[SourceTitle "playchess.com"]
[Source "ChessBase"]
[SourceQuality "1"]
[TimeControl "900+10"]

1. e4 e6 2. d4 d5 3. Nc3 Nf6 4. e5 Nfd7 5. f4 c5 6. Nf3 Be7 7. Be3 b6 8. Qd2 Ba6 9. O-O-O Bxf1 10. Rdxf1 c4 11. g4 Nc6 12. f5 b5 13. fxe6 fxe6 14. Nxb5 Rb8 15. Nd6+ Bxd6 16. exd6 Nf6 17. Ng5 O-O 18. Nxe6 Qb6 19. c3 Rfe8 20. Nc5 Rxe3 21. Rxf6 gxf6 22. Na4 Rd3 23. Nxb6 Rxd2 24. Kxd2 Rxb6 25. Kc2 Kf7 26. Rf1 Nd8 27. d7 Ke7 28. Rf5 Rd6 29. Rh5 Rxd7 30. Rxh7+ Ke6 31. Rh3 Rg7 32. Re3+ Kd6 33. h3 Ne6 34. b3 cxb3+ 35. axb3 Ng5 36. c4 dxc4 37. bxc4 Rh7 38. Ra3 Rc7 39. h4 Ne6 40. Ra6+ Ke7 41. Kd3 Rd7 42. Kc3 Nxd4 43. g5 fxg5 44. hxg5 Ne6 45. g6 Rc7 46. Kb4 Rb7+ 47. Kc3 Nc5 48. Rc6 Ne6 49. Ra6 Kd7 50. c5 Rc7 51. Kb2 Kc8 52. Rxe6 Rxc5 53. Ka3 1/2-1/2

[Event "29th Czech Open-Rapid 2018"]
[Site "Pardubice"]
[Date "2018.07.19"]
[Round "6"]
[White "Haase, Pavel"]
[Black "Ret, Adam Josef"]
[Result "1/2-1/2"]
[ECO "D02"]
[WhiteElo "1975"]
[BlackElo "1693"]
[Annotator "NA"]
[PlyCount "96"]
[EventDate "2018.07.18"]
[EventType "swiss"]
[EventCountry "CZE"]
[SourceTitle "playchess.com"]
[Source "ChessBase"]
[SourceQuality "1"]
[TimeControl "900+10"]

1. Nf3 d5 2. d4 Nf6 3. Bf4 e6 4. e3 c5 5. c3 Nc6 6. Bd3 Bd6 7. Ne5 Qc7 8. Nd2 Nxe5 9. dxe5 Bxe5 10. Bxe5 Qxe5 11. O-O O-O 12. Qc2 g6 13. Rae1 Qc7 14. f4 b6 15. c4 Bb7 16. cxd5 Nxd5 17. a3 f5 18. g3 Qc6 19. e4 Nf6 20. Rf3 Rfe8 21. Qb3 Kg7 22. Bb5 Qc7 23. Bxe8 fxe4 24. Rfe3 Rxe8 25. Nxe4 Nxe4 26. Rxe4 Bxe4 27. Rxe4 Qd6 28. Qc3+ Kf7 29. Kf2 Rd8 30. Re2 Qd4+ 31. Qxd4 Rxd4 32. Ke3 Kf6 33. g4 h6 34. h4 g5 35. fxg5+ hxg5 36. Rf2+ Kg7 37. hxg5 Rxg4 38. Rf6 Rxg5 39. Rxe6 Kf7 40. Rc6 Rg2 41. b4 Rg3+ 42. Kd2 Rxa3 43. bxc5 bxc5 44. Rxc5 Ke7 45. Rd5 Ke6 46. Rd8 a5 47. Kc2 a4 48. Kb2 Rb3+ 1/2-1/2

[Event "29th Czech Open-Rapid 2018"]
[Site "Pardubice"]
[Date "2018.07.19"]
[Round "6"]
[White "Sinauridze, Simons"]
[Black "Lushnikov, Evgeny"]
[Result "1-0"]
[ECO "B30"]
[WhiteElo "1962"]
[BlackElo "2234"]
[Annotator "NA"]
[PlyCount "165"]
[EventDate "2018.07.18"]
[EventType "swiss"]
[EventCountry "CZE"]
[SourceTitle "playchess.com"]
[Source "ChessBase"]
[SourceQuality "1"]
[TimeControl "900+10"]

1. e4 c5 2. Nf3 Nc6 3. Bb5 d6 4. O-O Bd7 5. c3 Nf6 6. Re1 a6 7. Ba4 b5 8. Bc2 Bg4 9. h3 Bxf3 10. Qxf3 e5 11. d3 Be7 12. Nd2 O-O 13. Nf1 d5 14. exd5 Qxd5 15. Qg3 Kh8 16. Ne3 Qd7 17. Ng4 Nxg4 18. hxg4 f5 19. gxf5 Qxf5 20. Re2 Qh5 21. f3 Rad8 22. Be3 Rd6 23. Qh2 Qxh2+ 24. Kxh2 Rdf6 25. Bg5 R6f7 26. Bxe7 Rxe7 27. Rae1 g6 28. Re4 Rfe8 29. a4 Kg7 30. Kg3 Kf6 31. Kf2 Ke6 32. d4 cxd4 33. cxd4 Kd6 34. dxe5+ Rxe5 35. axb5 axb5 36. Bd3 Kc5 37. Rc1+ Kb6 38. Rce1 b4 39. R1e2 Rxe4 40. Bxe4 Nd4 41. Rd2 Kc5 42. Ke3 Rd8 43. Rd3 Kc4 44. Rd2 b3 45. Rd3 Rd6 46. Rc3+ Kb4 47. Bd3 Nc6 48. Rc4+ Ka5 49. Rc5+ Kb4 50. Rb5+ Ka4 51. Rb6 Re6+ 52. Kd2 Nd4 53. Rxe6 Nxe6 54. Kc3 Nf4 55. Bf1 h5 56. g3 Nd5+ 57. Kd4 Ne7 58. Ke5 Nf5 59. g4 Ne3 60. gxh5 gxh5 61. Be2 h4 62. Kf4 Ng2+ 63. Kg4 Kb4 64. f4 Kc5 65. f5 Ne3+ 66. Kg5 Nd5 67. Kxh4 Kd4 68. Kg5 Ke5 69. Bc4 Nf6 70. Bxb3 Ne4+ 71. Kg6 Nf6 72. Be6 Ne4 73. b4 Nd6 74. Bd7 Ne4 75. b5 Kd6 76. Bc6 Nc5 77. f6 Ne6 78. f7 Ke7 79. b6 Kd6 80. b7 Kc7 81. Bf3 Nf8+ 82. Kg7 Ne6+ 83. Kg8 1-0

[Event "29th Czech Open-Rapid 2018"]
[Site "Pardubice"]
[Date "2018.07.19"]
[Round "6"]
[White "Nehyba, Martin"]
[Black "Bystrov, Sergej Mikhailovich"]
[Result "1/2-1/2"]
[ECO "B22"]
[WhiteElo "1947"]
[BlackElo "2121"]
[Annotator "NA"]
[PlyCount "95"]
[EventDate "2018.07.18"]
[EventType "swiss"]
[EventCountry "CZE"]
[SourceTitle "playchess.com"]
[Source "ChessBase"]
[SourceQuality "1"]
[TimeControl "900+10"]

1. e4 c5 2. c3 e5 3. Nf3 Nc6 4. d4 cxd4 5. cxd4 exd4 6. Nxd4 Nf6 7. Nc3 Bb4 8. Bg5 O-O 9. Nxc6 dxc6 10. Bd3 h6 11. Bh4 Be7 12. O-O Nd7 13. Bg3 Nc5 14. Bc2 Be6 15. Qe2 Qb6 16. e5 Rad8 17. Rad1 a5 18. Bb1 Qb4 19. Qc2 g6 20. Qc1 Kg7 21. Bf4 Rh8 22. Rxd8 Bxd8 23. Rd1 Be7 24. Bd2 Qh4 25. Be3 Na6 26. Be4 Rd8 27. Rxd8 Bxd8 28. g3 Qh5 29. Qd2 Be7 30. Ne2 Bc5 31. Nf4 Qxe5 32. Nxe6+ Qxe6 33. Bxh6+ Kh7 34. Qc3 f6 35. Bd3 Kxh6 36. Bxa6 Qf5 37. Qd2+ g5 38. Bd3 Qe5 39. Bb1 Qd4 40. Qc2 Kg7 41. a3 Kf8 42. Ba2 b5 43. Be6 Ke7 44. Bb3 Kd6 45. Qe2 Kc7 46. a4 bxa4 47. Bc2 Kb6 48. Bd3 1/2-1/2

[Event "29th Czech Open-Rapid 2018"]
[Site "Pardubice"]
[Date "2018.07.19"]
[Round "6"]
[White "Balazec, Ludovit"]
[Black "Bueble, Joschua"]
[Result "1-0"]
[ECO "C05"]
[WhiteElo "1945"]
[BlackElo "1682"]
[Annotator "NA"]
[PlyCount "57"]
[EventDate "2018.07.18"]
[EventType "swiss"]
[EventCountry "CZE"]
[SourceTitle "playchess.com"]
[Source "ChessBase"]
[SourceQuality "1"]
[TimeControl "900+10"]

1. e4 e6 2. d4 d5 3. Nd2 Nf6 4. e5 Nfd7 5. f4 c5 6. Ndf3 Nc6 7. c3 f6 8. g3 fxe5 9. fxe5 cxd4 10. cxd4 Qb6 11. Bd3 Bb4+ 12. Kf1 Be7 13. Kg2 Nf8 14. h4 Bd7 15. b3 O-O-O 16. Be3 Be8 17. Ne2 Bh5 18. Rf1 Ba3 19. Qd2 Ng6 20. Kh3 Bb4 21. Qc1 Nge7 22. a3 Rdf8 23. g4 Bg6 24. Bxg6 Nxg6 25. axb4 Qxb4 26. Qc3 Qb5 27. Qc2 Qb6 28. h5 Ngxe5 29. Nxe5 1-0

[Event "29th Czech Open-Rapid 2018"]
[Site "Pardubice"]
[Date "2018.07.19"]
[Round "6"]
[White "Roskova, Katerina"]
[Black "Khmelev, Mikhail"]
[Result "1-0"]
[ECO "A40"]
[WhiteElo "1886"]
[BlackElo "1977"]
[Annotator "NA"]
[PlyCount "177"]
[EventDate "2018.07.18"]
[EventType "swiss"]
[EventCountry "CZE"]
[SourceTitle "playchess.com"]
[Source "ChessBase"]
[SourceQuality "1"]
[TimeControl "900+10"]

1. d4 e6 2. c4 Nf6 3. g3 Bb4+ 4. Bd2 Qe7 5. Bg2 O-O 6. Nf3 Bxd2+ 7. Nbxd2 d6 8. Qc2 e5 9. O-O c6 10. e3 Bg4 11. Rac1 Re8 12. c5 dxc5 13. Qxc5 Qxc5 14. Rxc5 Nbd7 15. Rc3 exd4 16. Nxd4 Rad8 17. h3 Bh5 18. Nc4 Nb6 19. Nxb6 axb6 20. Rb3 Nd7 21. Nf5 Ra8 22. Nd6 Reb8 23. a3 b5 24. Rc1 f6 25. Rd3 Ne5 26. Rdc3 Bf7 27. Bf1 Bd5 28. f4 Nf7 29. Nxf7 Kxf7 30. Kf2 Ra4 31. Bg2 Bxg2 32. Kxg2 Rd8 33. R1c2 b4 34. Rb3 Rd6 35. Rxb4 Rxb4 36. axb4 b5 37. Kf3 Ke6 38. Ke2 Ke7 39. Rd2 Re6 40. Kf3 f5 41. g4 fxg4+ 42. hxg4 Rh6 43. g5 Rh3+ 44. Ke4 g6 45. Kd4 Kd6 46. e4 Rb3 47. e5+ Kc7 48. Rh2 Rxb4+ 49. Ke3 Rb3+ 50. Ke4 Rb4+ 51. Kf3 Kd7 52. Rxh7+ Ke6 53. Rc7 Rxb2 54. Rxc6+ Kf7 55. Rf6+ Kg7 56. Rb6 Kf7 57. Ke4 Rb4+ 58. Kd5 Rxf4 59. Rf6+ Rxf6 60. exf6 Kf8 61. Kc5 Kf7 62. Kxb5 Kf8 63. Kc6 Kf7 64. Kd7 Kf8 65. Ke6 Ke8 66. Kd6 Kf7 67. Kd7 Kf8 68. Ke6 Ke8 69. Ke5 Kf7 70. Kd5 Kf8 71. Ke4 Kf7 72. Kf4 Ke6 73. Ke4 Kf7 74. Ke5 Kf8 75. Kd5 Kf7 76. Kd6 Kf8 77. Ke6 Ke8 78. Kd6 Kf7 79. Kd7 Kf8 80. f7 Kxf7 81. Kd6 Kg8 82. Ke6 Kg7 83. Ke7 Kg8 84. Kf6 Kh7 85. Kf7 Kh8 86. Kxg6 Kg8 87. Kh6 Kh8 88. g6 Kg8 89. g7 1-0

[Event "29th Czech Open-Rapid 2018"]
[Site "Pardubice"]
[Date "2018.07.19"]
[Round "6"]
[White "Fiala, Milan"]
[Black "Gschwendtner, Stanislav"]
[Result "1-0"]
[ECO "D83"]
[WhiteElo "1885"]
[BlackElo "1940"]
[Annotator "NA"]
[PlyCount "71"]
[EventDate "2018.07.18"]
[EventType "swiss"]
[EventCountry "CZE"]
[SourceTitle "playchess.com"]
[Source "ChessBase"]
[SourceQuality "1"]
[TimeControl "900+10"]

1. d4 Nf6 2. c4 g6 3. Nc3 d5 4. Bf4 Bg7 5. e3 O-O 6. Rc1 Be6 7. cxd5 Nxd5 8. Nxd5 Bxd5 9. Bxc7 Qd7 10. Bxb8 Raxb8 11. b3 e5 12. dxe5 Bxe5 13. Nf3 Bxf3 14. Qxd7 Bc6 15. Qh3 Bb2 16. Rc2 Ba3 17. Bc4 Be4 18. Rd2 Bb4 19. Ke2 b5 20. Rd4 Bf5 21. g4 Bc8 22. Bxf7+ Rxf7 23. Rxb4 a5 24. Rd4 Bb7 25. Rc1 Rbf8 26. f4 b4 27. Rc5 Re8 28. Rxa5 Rc7 29. Re5 Rec8 30. Rd2 Rc1 31. Re7 Ba6+ 32. Kf2 h5 33. gxh5 Kf8 34. Red7 R1c2 35. Qe6 Rxd2+ 36. Rxd2 1-0

[Event "29th Czech Open-Rapid 2018"]
[Site "Pardubice"]
[Date "2018.07.19"]
[Round "6"]
[White "Ludvik, Tomas"]
[Black "Pacl, Vaclav"]
[Result "1/2-1/2"]
[ECO "A56"]
[WhiteElo "1850"]
[BlackElo "2077"]
[Annotator "NA"]
[PlyCount "127"]
[EventDate "2018.07.18"]
[EventType "swiss"]
[EventCountry "CZE"]
[SourceTitle "playchess.com"]
[Source "ChessBase"]
[SourceQuality "1"]
[TimeControl "900+10"]

1. d4 Nf6 2. c4 c5 3. d5 g6 4. Nc3 d6 5. Nf3 Bg7 6. h3 O-O 7. Bf4 Na6 8. e4 Nc7 9. Be2 a6 10. a4 b6 11. O-O Rb8 12. Re1 Nd7 13. Bh2 Ne5 14. Nd2 f5 15. f4 Nf7 16. Bd3 e6 17. exf5 gxf5 18. Qh5 Qf6 19. Nf3 exd5 20. cxd5 Bd7 21. Bg3 Rfe8 22. Bf2 Bf8 23. Nh4 Nh6 24. Qg5+ Qg7 25. Qh5 Qf6 26. Qg5+ Bg7 27. Kh2 Rxe1 28. Rxe1 Rf8 29. Re7 Rf7 30. Rxf7 Kxf7 31. Qh5+ Kg8 32. Qg5 b5 33. axb5 axb5 34. Ne2 Nxd5 35. Ng3 Ne7 36. b3 Be6 37. Nh5 Qxg5 38. fxg5 Be5+ 39. Kg1 Nf7 40. Nf6+ Kg7 41. Nh5+ Kh8 42. Bc2 c4 43. bxc4 bxc4 44. Nf3 Ng6 45. Ng3 Ne7 46. Kf1 Kg7 47. Nh5+ Kg6 48. g4 Nxg5 49. Nxe5+ dxe5 50. Kg2 e4 51. Nf4+ Kf7 52. h4 Nf3 53. Nxe6 Kxe6 54. gxf5+ Kxf5 55. Kf1 Nd5 56. Ke2 Kf4 57. Kf1 e3 58. Be1 Nd4 59. Bxh7 Kf3 60. Bg8 e2+ 61. Kg1 Ne3 62. h5 c3 63. Bxc3 Ndf5 64. Bd5+ 1/2-1/2

[Event "29th Czech Open-Rapid 2018"]
[Site "Pardubice"]
[Date "2018.07.19"]
[Round "6"]
[White "Zarovs, Aleksandrs"]
[Black "Slovak, Kilian"]
[Result "0-1"]
[ECO "B51"]
[WhiteElo "1845"]
[BlackElo "2113"]
[Annotator "NA"]
[PlyCount "114"]
[EventDate "2018.07.18"]
[EventType "swiss"]
[EventCountry "CZE"]
[SourceTitle "playchess.com"]
[Source "ChessBase"]
[SourceQuality "1"]
[TimeControl "900+10"]

1. e4 c5 2. Nf3 d6 3. Bb5+ Nd7 4. d4 cxd4 5. Qxd4 a6 6. Bxd7+ Bxd7 7. c4 b5 8. Nc3 e5 9. Qd3 Rb8 10. O-O h6 11. Rd1 Nf6 12. b3 Be7 13. c5 dxc5 14. Nxe5 Rb6 15. Nxd7 Qxd7 16. Qxd7+ Nxd7 17. Nd5 Rc6 18. Nxe7 Kxe7 19. Bb2 f6 20. Rd3 Rd6 21. Rad1 Rxd3 22. Rxd3 Rc8 23. Rg3 Kf7 24. Kf1 c4 25. Rc3 Ne5 26. f3 b4 27. Rc2 c3 28. Ba1 Rd8 29. Ke2 Nc6 30. Bxc3 bxc3 31. Rxc3 Rd6 32. a3 g5 33. b4 Ke6 34. Rc5 Ne5 35. Rc3 Rd4 36. Rb3 Rc4 37. a4 Rc2+ 38. Kf1 Nc4 39. Kg1 Ke5 40. b5 axb5 41. axb5 Nb6 42. g3 h5 43. Rb4 h4 44. f4+ gxf4 45. gxf4+ Kxf4 46. e5+ Kxe5 47. Rxh4 Rb2 48. Rh8 Rxb5 49. h4 Nd5 50. h5 Kf5 51. Rg8 Rb7 52. Rh8 Nf4 53. Kf2 Ne6 54. Kg3 Kg5 55. h6 Kg6 56. Kh4 Rh7 57. Rg8+ Kf7 0-1